 Dungeon Crawl Stone Soup version 0.30-a0-989-g0d87f670db (webtiles) character file.

Game seed: 14906201972972007089

123550 freelancePsychic the Spear-Bearer (level 16, -1/170 HPs)
             Began as a Troll Wanderer on Apr 2, 2023.
             Was a High Priest of Elyvilon.
             Slain by a tarantella (11 damage)
             ... on level 1 of the Spider Nest.
             The game lasted 00:58:46 (25861 turns).

freelancePsychic the Spear-Bearer (Troll Wanderer) Turns: 25861, Time: 00:58:47

Health: -1/170     AC: 12    Str: 25    XL:     16   Next: 37%
Magic:  22/24      EV:  9    Int: 14    God:    Elyvilon [*****.]
Gold:   3519       SH: 16    Dex: 13    Spells: 10/17 levels left

rFire   . . .      SeeInvis .    a - +8 trishula "Condemnation" {holy, anguish, *Noise Fly rN+}
rCold   + . .      Faith    .    i - +0 kite shield {rPois}
rNeg    + . .      Spirit   .    t - +0 steam dragon scales
rPois   +          Reflect  +    r - +2 hat
rElec   .          Rampage  .    f - +2 cloak {Will+}
rCorr   +                        (gloves unavailable)
Will    ++...                    (boots unavailable)
Stlth   +                        w - amulet of Zualior {Reflect Fly Str+2 SH+5}
HPRegen 1.28/turn                I - ring "Tafulaov" {rCorr Int+3}
MPRegen 0.19/turn                z - ring of protection from cold

@: flying
A: large, unfitting armour, claws 3, regeneration 1, shaggy fur 1, tough skin 1
a: Renounce Religion, Purification, Heal Other, Heal Self, Divine Vigour


You were on level 1 of the Spider Nest.
You worshipped Elyvilon.
Elyvilon was extremely pleased with you.
You visited 4 branches of the dungeon, and saw 23 of its levels.
You also visited: Sewer, Bailey, Gauntlet, Ice Cave and Volcano.

You collected 3519 gold pieces.

Inventory:

Hand Weapons
 a - the +8 trishula "Condemnation" (weapon) {holy, anguish, *Noise Fly rN+}
   (You found it in a bailey)

   rN:        It protects you from negative energy.
   Fly:       It grants you flight.
   *Noise:    It may make noises in combat.
Missiles
 d - 46 boomerangs
 n - 12 javelins
Armour
 f - a +2 cloak of willpower (worn)
 i - a +0 kite shield of poison resistance (worn)
 r - a +2 hat (worn)
 t - +0 steam dragon scales (worn)
Jewellery
 g - an amulet of regeneration
 w - the amulet of Zualior (around neck) {Reflect Fly Str+2 SH+5}
   (You found it in a bailey)

   [amulet of reflection]

   It reflects blocked missile attacks.
   Str:       It affects your strength (+2).
   Fly:       It grants you flight.
   SH:        It affects your SH (+5).
 y - a ring of positive energy
 z - a ring of protection from cold (right claw)
 A - a ring of protection from fire
 E - an amulet of the acrobat
 G - a +4 ring of protection
 I - the ring "Tafulaov" (left claw) {rCorr Int+3}
   (You found it in a Gauntlet)

   [ring of resist corrosion]

   Int:       It affects your intelligence (+3).
   rCorr:     It protects you from acid and corrosion.
 M - a ring of magical power
 N - an amulet of magic regeneration
 X - a ring of poison resistance
 Y - an amulet of faith
Wands
 p - a wand of roots (7)
 C - a wand of acid (20)
 D - a wand of polymorph (6)
 F - a wand of flame (27)
 K - a wand of digging (7)
 Z - a wand of paralysis (12)
Scrolls
 b - 10 scrolls of teleportation {@r4}
 c - 4 scrolls of silence
 l - 6 scrolls of immolation
 o - 3 scrolls of poison
 L - a scroll of identify {@r1}
 U - 2 scrolls of blinking
 V - a scroll of amnesia
 W - 2 scrolls of enchant weapon
Potions
 e - 6 potions of brilliance
 h - 6 potions of curing {@q1}
 j - a potion of magic
 k - 6 potions of mutation
 m - 7 potions of cancellation
 q - 8 potions of heal wounds {@q2}
 s - 4 potions of invisibility
 v - 16 potions of flight
 B - 2 potions of haste {@q3}
 H - 2 potions of resistance
 J - 4 potions of lignification
 O - 2 potions of berserk rage
 P - a potion of ambrosia
 Q - 3 potions of might
 R - 2 potions of attraction
Miscellaneous
 u - a tin of tremorstones (1/2)
 x - a phantom mirror
 S - a phial of floods
 T - a box of beasts


   Skills:
 + Level 13.4 Fighting
 - Level 14.0 Polearms
 - Level 2.6 Dodging
 - Level 10.0 Shields
 - Level 8.1 Unarmed Combat
 - Level 1.0 Spellcasting
 - Level 3.2 Necromancy
 + Level 2.0 Transmutations
 * Level 3.7 Earth Magic
 + Level 12.7 Invocations


You had 10 spell levels left.
You knew the following spells:

 Your Spells              Type           Power      Damage    Failure   Level
a - Necrotise             Necr           36%        1d5       13%         1
b - Statue Form           Tmut/Erth      5%         N/A       100%        6

Your spell library contained the following spells:

 Spells                   Type           Power      Damage    Failure   Level
 Beastly Appendage        Tmut           12%        N/A       22%         1
 Wereblood                Tmut           6%         N/A       32%         2
 Vampiric Draining        Necr           9%         2d6       36%         3
 Magic Dart               Conj           0%         1d3       43%         1
 Shock                    Conj/Air       0%         1d3       43%         1
 Stone Arrow              Conj/Erth      10%        3d7       56%         3
 Call Imp                 Summ           0%         N/A       58%         2
 Spider Form              Tmut/Pois      3%         N/A       67%         3
 Hailstorm                Conj/Ice       0%         3d3       82%         3
 Kindle Blastsparks       Fire/Tloc/Air  0%         2d10      82%         3
 Mephitic Cloud           Conj/Pois/Air  0%         N/A       82%         3
 Swiftness                Air            0%         N/A       82%         3
 Tukima's Dance           Hex            0%         N/A       82%         3
 Petrify                  Tmut/Erth      8%         N/A       83%         4
 Animate Armour           Summ/Erth      10%        N/A       92%         4
 Lee's Rapid Deconstruct  Erth           5%         3d6*      96%         5
 Ice Form                 Ice/Tmut       3%         N/A       97%         4
 Airstrike                Air            0%         2d(0-16)  99%         4
 Fulminant Prism          Conj/Hex       0%         3d5       99%         4
 Iskenderun's Mystic Bla  Conj/Tloc      0%         2d3       99%         4
 Olgreb's Toxic Radiance  Pois           0%         N/A       99%         4
 Passage of Golubria      Tloc           0%         N/A       99%         4
 Summon Ice Beast         Ice/Summ       0%         N/A       99%         4
 Iskenderun's Battlesphe  Conj           0%         2d6       100%        5
 Metabolic Englaciation   Hex/Ice        0%         N/A       100%        5
 Yara's Violent Unravell  Hex/Tmut       1%         3d3       100%        5
 Iron Shot                Conj/Erth      2%         9d2       100%        6
 Simulacrum               Ice/Necr       2%         N/A       100%        6
 Spellforged Servitor     Conj/Summ      0%         N/A       100%        7


Dungeon Overview and Level Annotations

Branches:
Dungeon (15/15)            Temple (0/1) D:7            Lair (5/5) D:9
 Shoals (0/4) Lair:2       Spider (1/4) Lair:3        Slime (0/5) Lair:4
    Orc (2/2) D:12            Elf (0/3) Orc:2        Vaults (0/5) D:13
 Depths (0/4) D:15          Sewer (visited)          Bailey (visited)
  IceCv (visited)         Volcano (visited)         Gauntlet (visited)

Altars:
Ashenzari
Dithmenos
Elyvilon
Kikubaaqudgha
Nemelex Xobeh
Yredelemnul
Zin
Jiyva

Shops:
D:1 ?   Orc:2 :[(:

Annotations:
D:3 1 runed translucent door
D:13 Rupert
D:15 Roxanne
Lair:4 2 runed translucent doors, SirDiesAlot's ghost, journeyman MfVM
Lair:5 exclusion: oklob plant
Orc:1 exclusion: downstairs


Innate Abilities, Weirdness & Mutations

You are too large for most types of armour.
You have claws for hands.
Your natural rate of healing is unusually fast.
You are covered in fur. (AC +1)
You have tough skin. (AC +1)


Message History

The meliai closely misses the demonic crawler.
The demonic crawler hits you. You block the demonic crawler's attack.
The demonic crawler hits you but does no damage.
The tarantella touches you!
The meliai hits the demonic crawler with a +0 hand axe!
The meliai closely misses you.
The meliai stings the demonic crawler.
The demonic crawler hits you. You block the demonic crawler's attack.
The demonic crawler hits you but does no damage.
The meliai calls down the wrath of its god upon you.
Something smites you!
The meliai barely misses the demonic crawler.
You block the meliai's attack.
The meliai barely misses the tarantella.
The meliai stings the demonic crawler.
The wolf spider hits you.
* * * LOW HITPOINT WARNING * * *
The wolf spider is wracked by anguish.
The wolf spider closely misses you.
The wolf spider attacks as you move away!
The wolf spider hits you but does no damage.
You block the wolf spider's attack. The tarantella touches you!
* * * LOW HITPOINT WARNING * * *
The air fills with toxic fumes!
As you read the scroll of poison, it crumbles to dust.
The meliai mumbles some strange prayers to its god against you.
Something smites you!
* * * LOW HITPOINT WARNING * * *
You block the tarantella's attack. The demonic crawler hits you.
* * * LOW HITPOINT WARNING * * *
The demonic crawler hits you!
* * * LOW HITPOINT WARNING * * *
The demonic crawler hits you.
* * * LOW HITPOINT WARNING * * *
The wolf spider is no longer haunted by guilt.
The meliai mumbles some strange prayers to its god against you.
Something smites you! Elyvilon protects you from harm!
The meliai calls down the wrath of its god upon you.
Something smites you! Elyvilon protects you from harm!
The tarantella touches you!
You die...

..........###y)[#....
....#.^.>...## #....
.§§§§...§§.§§###.....
.§§§#..§#§§.§....... ..
#§§#..§#§#§§...^...
...###§§§.#§§§§§§.......
..§#§§§§§.§§§§§§§#......
..§§§§§§§#§§§§§§§.......
..§§§§§y§s@§§###§.#.#...
#..#§§§.s§§§§§§§.####.#
#§§§§.#s§#§§§§.# #
#§§§#§y.#§§§§.§## #§§§
#..y>§§§§##. #§.
§§#...§§§§§. #..
§§§..#.§§§§§ ..
#§§#..#..§§§§ . §§§ ..#
.§§§§


You could see a demonic crawler, a wolf spider, a tarantella, 2 meliai and a
neutral meliai (wandering).

Vanquished Creatures
  Jorgrun (D:13)
  Nessos (D:13)
  A reaper (IceCv)
  A minotaur (Gauntlet)
  Fannar (Orc:1)
  Erolcha (D:12)
  A centaur warrior (Volcano)
  2 hydras
  3 ogre magi
  11 two-headed ogres
  2 dancing weapons (D:13)
  12 death yaks
  A tengu warrior (D:15)
  An orc high priest (Orc:2)
  A soul eater (Gauntlet)
  Nergalle (D:11)
  A hell knight (Volcano)
  4 skeletal warriors (D:12)
  An iron troll (Orc:2)
  An orb spider (Spider:1)
  A wizard (D:15)
  Pikel (D:4)
  3 deep elf zephyrmancers (Orc:1)
  6 deep elf pyromancers
  A necromancer (D:15)
  An orc knight (D:13)
  2 lindwurms (Lair:5)
  An orc sorcerer (D:15)
  2 ugly things
  2 manticores
  8 elephants (Lair:5)
  3 cyclopes
  Joseph (D:7)
  2 black mambas
  14 slime creatures
  A naga mage (D:15)
  2 centaur skeletons (D:15)
  8 cane toads
  A gargoyle (D:10)
  2 rime drakes
  6 ice devils (IceCv)
  4 yaktaurs (Volcano)
  An anaconda simulacrum (IceCv)
  An efreet (D:14)
  4 komodo dragons
  A wind drake (Lair:2)
  A tengu conjurer (D:15)
  A queen bee (Gauntlet)
  2 meliai (Spider:1)
  Grinder (D:3)
  6 polar bears (Lair:5)
  12 trolls
  A tarantella (Spider:1)
  3 dream sheep (Lair:5)
  A tarantella (shapeshifter) (D:15)
  12 blink frogs
  2 culicivoras (Spider:1)
  4 wraiths
  2 centaur simulacra (D:15)
  4 wyverns
  72 yaks
  2 basilisks (Lair:5)
  A steam dragon (D:8)
  3 death yak simulacra (IceCv)
  4 redbacks
  2 vampire mosquitoes (D:11)
  2 swamp worms (Gauntlet)
  5 wargs
  8 water moccasins
  15 hell hounds (Lair:5)
  A hydra simulacrum (IceCv)
  2 ice beasts
  12 black bears
  15 orc warriors
  21 ogres
  30 wolves
  7 centaurs
  A lemure (D:3)
  2 kobold brigands
  10 bullfrogs
  A gnoll sergeant (D:8)
  2 scorpions
  A two-headed ogre simulacrum (IceCv)
  A cane toad simulacrum (IceCv)
  3 wights
  An elephant simulacrum (IceCv)
  17 killer bees
  2 howler monkeys
  An electric eel (Orc:1)
  A hound (D:7)
  Crazy Yiuf (D:6)
  3 gnoll boudas
  14 orc priests
  4 iguanas
  A sleepcap (D:7)
  15 orc wizards
  A polar bear simulacrum (IceCv)
  6 spriggan simulacra (IceCv)
  2 troll simulacra (IceCv)
  9 adders
  19 gnolls
  2 naga simulacra (IceCv)
  4 river rats
  4 shadow imps
  14 white imps
  4 worms
  2 dart slugs
  71 orcs
  4 endoplasms
  8 giant cockroaches
  11 goblins
  11 hobgoblins
  8 jackals
  28 kobolds
  6 quokkas
  17 ball pythons
  13 bats
  7 frilled lizards
  A kobold skeleton (D:3)
  6 rats
720 creatures vanquished.

Vanquished Creatures (others)
  A dire elephant (Lair:5)
  An entropy weaver (Lair:3)
  2 hydras
  2 ogre magi
  4 death yaks
  9 two-headed ogres
  A boulder beetle (D:11)
  Urug (D:13)
  A skeletal warrior (D:12)
  2 skysharks (Lair:5)
  A deep troll (Orc:2)
  An orc knight (Bailey)
  2 deep elf zephyrmancers (Orc:1)
  6 ugly things
  5 manticores
  2 elephants (Lair:5)
  2 ice statues (IceCv)
  A black mamba (Lair:3)
  2 cane toads
  A rime drake (Lair:5)
  3 komodo dragons
  2 ice devils (IceCv)
  2 trolls (Orc:1)
  A meliai (Spider:1)
  4 polar bears (Lair:5)
  A tarantella (Spider:1)
  2 blink frogs
  A dream sheep (Lair:5)
  2 raiju (Lair:5)
  A shadow (D:10)
  A wraith (D:11)
  9 yaks
  A wyvern (Lair:2)
  A redback (Spider:1)
  A warg (Lair:5)
  An acid dragon (D:12)
  2 water moccasins (Lair:5)
  6 orc warriors
  4 ogres
  2 wolves (Lair:2)
  A gnoll sergeant (D:8)
  6 killer bees
  An orc priest (D:12)
  An orc wizard (Orc:1)
  A white imp (D:11)
  2 orcs
  32 fungi
  52 plants
190 creatures vanquished.

Grand Total: 910 creatures vanquished

Notes
Turn   | Place    | Note
-------+----------+-------------------------------------------
     0 | D:1      | freelancePsychic the Troll Wanderer began the quest for the
                  | Orb.
     0 | D:1      | freelancePsychic set off with the following items: a +0
                  | club, a scroll of teleportation {@r4}, a scroll of silence,
                  | a +2 robe; and the following spell memorised: Necrotise;
                  | and the following spells available to memorise: Vampiric
                  | Draining.
     0 | D:1      | Reached XP level 1. HP: 19/19 MP: 1/1
   236 | D:1      | Reached XP level 2. HP: 28/28 MP: 2/2
   275 | D:1      | Reached skill level 1 in Unarmed Combat
   565 | D:1      | Reached XP level 3. HP: 24/35 MP: 3/3
   595 | D:1      | Found Jamo's Magic Scroll Boutique.
   759 | D:2      | Got the Parchment of Oromancy
  1022 | D:2      | Learned a level 3 spell: Vampiric Draining
  1434 | D:3      | Reached XP level 4. HP: 44/44 MP: 4/4
  1717 | D:3      | Found a white marble altar of Elyvilon.
  1775 | D:3      | Became a worshipper of Elyvilon the Healer
  1878 | D:3      | Found a runed translucent door.
  1878 | D:3      | Noticed a human
  1880 | D:3      | Found a basalt altar of Yredelemnul.
  2022 | D:3      | Noticed Grinder
  2078 | D:4      | Noticed a lemure
  2101 | D:3      | Killed a lemure
  2274 | D:4      | Reached XP level 5. HP: 38/50 MP: 5/5
  2319 | D:4      | Found a glowing silver altar of Zin.
  2319 | D:4      | Reached * piety under Elyvilon
  2353 | D:4      | Reached skill level 1 in Invocations
  2852 | D:4      | Noticed Pikel
  2856 | D:4      | Noticed a lemure
  2860 | D:4      | Noticed a lemure
  2860 | D:4      | Noticed a lemure
  3079 | D:4      | Killed Pikel
  3080 | D:4      | Reached XP level 6. HP: 39/62 MP: 5/7
  3080 | D:4      | Reached XP level 7. HP: 45/70 MP: 5/8
  3311 | D:4      | Reached ** piety under Elyvilon
  3312 | D:4      | Found a shadowy altar of Dithmenos.
  3620 | D:5      | Entered Level 5 of the Dungeon
  3907 | D:5      | Identified the +1 mace of Kismet {elec, rF- rC+ Int+5}
  3911 | D:5      | Found a glowing drain.
  3947 | Sewer    | Entered a sewer
  4156 | Sewer    | Reached skill level 5 in Unarmed Combat
  4738 | D:5      | Reached XP level 8. HP: 79/79 MP: 8/10
  4991 | D:6      | Reached *** piety under Elyvilon
  5069 | D:6      | Reached skill level 5 in Fighting
  5285 | D:6      | Found a runed translucent door.
  5286 | D:6      | Noticed Crazy Yiuf
  5291 | D:6      | Killed Crazy Yiuf
  5679 | D:7      | Found a staircase to the Ecumenical Temple.
  5809 | D:7      | Reached skill level 5 in Invocations
  5849 | D:7      | Noticed Joseph
  5862 | D:7      | Killed Joseph
  5863 | D:7      | Reached XP level 9. HP: 46/89 MP: 8/12
  6210 | D:7      | Found a sparkling altar of Nemelex Xobeh.
  6210 | D:7      | Found an ancient bone altar of Kikubaaqudgha.
  6424 | D:3      | Killed Grinder
  6636 | D:8      | Reached **** piety under Elyvilon
  6837 | D:8      | Found a flagged portal.
  6886 | Bailey   | Entered a bailey
  7077 | Bailey   | Found the +8 trishula "Condemnation" {holy, anguish, *Noise
                  | Fly rN+}
  7147 | Bailey   | Noticed an orc knight
  7155 | Bailey   | Identified the amulet of Zualior {Reflect Fly Str+2 SH+5}
  7161 | Bailey   | Killed an orc knight
  7162 | Bailey   | Reached skill level 1 in Polearms
  7162 | Bailey   | Reached XP level 10. HP: 102/102 MP: 12/14
  7165 | Bailey   | Reached skill level 2 in Polearms
  7342 | D:8      | Reached skill level 3 in Polearms
  7349 | D:8      | Noticed a cyclops
  7358 | D:8      | Pacified a cyclops
  7522 | D:8      | Reached skill level 4 in Polearms
  7994 | D:9      | Identified the +1 flail "Gasezol" {flame, rElec MP-9 Int-2
                  | Dex+5}
  8106 | D:9      | Found a staircase to the Lair.
  8204 | D:9      | Reached skill level 5 in Polearms
  8217 | D:9      | Noticed a two-headed ogre
  8224 | D:9      | Killed a two-headed ogre
  8297 | D:9      | Noticed a two-headed ogre
  8330 | D:9      | Killed a two-headed ogre
  8331 | D:9      | Reached XP level 11. HP: 76/111 MP: 10/16
  8670 | D:10     | Entered Level 10 of the Dungeon
  8670 | D:10     | Noticed a two-headed ogre
  8674 | D:10     | Killed a two-headed ogre
  8675 | D:10     | Reached skill level 6 in Polearms
  9487 | D:11     | Noticed a boulder beetle
  9497 | D:11     | Found a gate leading to a gauntlet.
  9506 | D:11     | Killed a boulder beetle
  9533 | Gauntlet | Entered a Gauntlet
  9533 | Gauntlet | Noticed a soul eater
  9533 | Gauntlet | Found a transporter.
  9533 | Gauntlet | Found a transporter.
  9533 | Gauntlet | Found a transporter.
  9533 | Gauntlet | Found a transporter.
  9554 | Gauntlet | Found a transporter.
  9566 | Gauntlet | Found a transporter.
  9568 | Gauntlet | Found a transporter.
  9578 | Gauntlet | Found a transporter.
  9600 | Gauntlet | Found a transporter.
  9600 | Gauntlet | Noticed an obsidian statue
  9604 | Gauntlet | Found a transporter.
  9608 | Gauntlet | Found a transporter.
  9640 | Gauntlet | Noticed a soul eater
  9646 | Gauntlet | Found a transporter.
  9698 | Gauntlet | Killed a soul eater
  9737 | Gauntlet | Reached skill level 7 in Polearms
  9797 | Gauntlet | Identified the ring "Tafulaov" {rCorr Int+3}
  9836 | Gauntlet | Noticed a minotaur
  9847 | Gauntlet | Killed a minotaur
  9857 | Gauntlet | Got Easy Mysticism
  9888 | D:11     | Found a frozen archway.
  9924 | IceCv    | Entered an ice cave
 10200 | IceCv    | Identified a scroll of acquirement
 10201 | IceCv    | Acquired a +0 kite shield of poison resistance
 10253 | IceCv    | Reached skill level 8 in Polearms
 10384 | IceCv    | Noticed a reaper
 10396 | IceCv    | Killed a reaper
 10397 | IceCv    | Reached XP level 12. HP: 75/123 MP: 18/18
 10785 | D:11     | Noticed a two-headed ogre
 10797 | D:10     | Killed a two-headed ogre
 10831 | D:11     | Noticed Nergalle
 10918 | D:10     | Reached skill level 9 in Polearms
 10957 | D:11     | Killed Nergalle
 11199 | D:11     | Reached skill level 10 in Invocations
 11277 | D:11     | Reached ***** piety under Elyvilon
 11409 | D:11     | Noticed a death yak
 11418 | D:11     | Killed a death yak
 11697 | Lair:1   | Entered Level 1 of the Lair of Beasts
 11787 | Lair:1   | Reached skill level 10 in Fighting
 11822 | Lair:1   | Reached skill level 10 in Polearms
 11822 | Lair:1   | Reached skill level 1 in Shields
 12694 | Lair:2   | Reached XP level 13. HP: 125/135 MP: 19/19
 12717 | Lair:2   | Found a staircase to the Shoals.
 13271 | Lair:2   | Reached skill level 11 in Polearms
 13969 | Lair:3   | Found a hole to the Spider Nest.
 14017 | Lair:3   | Reached skill level 5 in Shields
 14280 | Lair:3   | Reached ****** piety under Elyvilon
 14839 | Lair:3   | Reached skill level 12 in Polearms
 15000 | Lair:4   | Found a dark tunnel.
 15005 | Volcano  | Entered a volcano
 15076 | Volcano  | Found a bloodstained altar of Trog.
 15306 | Lair:4   | Reached XP level 14. HP: 86/146 MP: 20/20
 15590 | Lair:4   | Found a large runed translucent door.
 15590 | Lair:4   | Found a large runed translucent door.
 15592 | Lair:4   | Noticed SirDiesAlot's ghost (journeyman MfVM)
 16039 | Lair:4   | Found a viscous altar of Jiyva.
 16041 | Lair:4   | Found a staircase to the Slime Pits.
 16232 | Lair:5   | Entered Level 5 of the Lair of Beasts
 16550 | Lair:5   | Reached skill level 13 in Polearms
 16813 | Lair:5   | Found a broken altar of Ashenzari.
 17044 | Lair:5   | Reached skill level 14 in Polearms
 17940 | Lair:5   | Identified the +1 trident of the Breathing King {venom,
                  | Drain Dex+6}
 18174 | Lair:5   | Reached XP level 15. HP: 156/156 MP: 22/22
 18534 | D:12     | Noticed Erolcha
 18543 | D:12     | Killed Erolcha
 19068 | D:12     | You are sucked into a shaft and drop 2 floors!
 19365 | D:13     | Found a gate to the Vaults.
 19365 | D:13     | Noticed Sonja
 19365 | D:13     | Noticed Urug
 19369 | D:13     | Pacified Sonja
 19387 | D:13     | Killed Urug
 19389 | D:13     | Noticed Rupert
 19960 | D:15     | Entered Level 15 of the Dungeon
 20439 | D:15     | Identified Roxanne's Compilation of the Gestalt
 20439 | D:15     | Noticed Roxanne
 20540 | D:15     | Found a staircase to the Depths.
 21796 | D:13     | Identified the +11 short sword of Chance {flame, Dex+3}
 21893 | D:13     | Noticed Jorgrun
 21910 | D:13     | Killed Jorgrun
 22745 | D:12     | Found a staircase to the Orcish Mines.
 22756 | D:12     | Noticed Nessos
 22779 | D:13     | Killed Nessos
 23143 | Orc:1    | Entered Level 1 of the Orcish Mines
 23374 | Orc:2    | Entered Level 2 of the Orcish Mines
 23374 | Orc:2    | Found a staircase to the Elven Halls.
 23583 | Orc:1    | Reached XP level 16. HP: 152/170 MP: 24/24
 23589 | Orc:1    | Noticed Fannar
 23603 | Orc:1    | Killed Fannar
 23921 | Orc:1    | Reached skill level 1 in Earth Magic
 24454 | Orc:2    | Reached skill level 1 in Transmutations
 24688 | Orc:1    | Reached skill level 10 in Shields
 24923 | Orc:2    | Found Zehoir's Book Boutique.
 24925 | Orc:2    | Found Xatho's Antique Armour Boutique.
 24926 | Orc:2    | Found Ynloy's Book Emporium.
 24937 | Orc:2    | Found Noppeomi's Antique Weapon Shop.
 25322 | Spider:1 | Entered Level 1 of the Spider Nest
 25669 | Lair:3   | Learned a level 6 spell: Statue Form
 25861 | Spider:1 | Elyvilon protects you from harm!
 25861 | Spider:1 | Elyvilon protects you from harm!
 25861 | Spider:1 | Slain by a tarantella

Illustrated notes

Levels and vault maps discovered:
D:1:      moated_graveyard_arrival, layout_basic, serial_shops, shop
D:2:      layout_basic, minmay_curled_crystal
D:3:      layout_loops_ring, dk_yredelemnul_ordeal, elyvilon_altar_4,
          uniq_grinder
D:4:      layout_layer_cave, lemuel_crystal_altar, zin_scriptorium,
          chequers_serial_rivers_micro_a, minmay_checkerbox, uniq_pikel
D:5:      layout_basic, portal_sewer_entry_c, serial_park_tiny_pond
D:6:      layout_loops_ring, uniq_crazy_yiuf_cottage
D:7:      layout_loops_ring, gammafunk_temple_overflow_pools,
          minmay_temple_entry_junction, kennysheep_generic_room_10, uniq_joseph
D:8:      kennysheep_blocky_room, layout_cave_pools, enter_bailey_5,
          serial_park_tiny_2
D:9:      layout_cave_pools, david_lair_shrubbed, serial_rivers,
          chequers_serial_rivers_micro_c, chequers_serial_rivers_room_a,
          chequers_serial_rivers_micro_a, chequers_serial_rivers_small_3
D:10:     layout_basic, dk_vineyard_1
D:11:     argonaut_augean_stables, layout_grid_maze, portal_ice_cave_entry_imps,
          gauntlet_entry_generic, uniq_nergalle
D:12:     layout_rooms, david_orc_5, serial_corexii_hall,
          chequers_hall_statues_corner_a, corexii_hall_statues_x,
          chequers_hall_statues_y, chequers_hall_statues_wall_a, uniq_nessos,
          uniq_erolcha
D:13:     layout_basic, erik_vaults_1, serial_co_window_serial,
          co_window_paths_b, co_window_cross_1, co_window_of_opportunity_a,
          co_window_corner_a, co_window_of_opportunity_a,
          co_window_of_opportunity_c, co_window_corner_ca, co_window_broadway_c,
          co_window_paths_d, co_window_paths_e, glass_columns_a,
          glass_columns_c, glass_columns_a, glass_columns_c, uniq_rupert,
          uniq_sonja, uniq_jorgrun, uniq_urug
D:14:     layout_basic, grunt_decor_cap
D:15:     grunt_enter_depths_magical_seal, layout_layer_cave,
          grunt_decor_clamped, uniq_roxanne
Lair:1:   layout_regular_city, serial_bayou_pond_d, st_stairs_6
Lair:2:   layout_gridlike, minmay_shoals_entry_beasts
Lair:3:   layout_cave_pods, nicolae_spider_entry_orb_guardian,
          lemuel_fruit_fields
Lair:4:   layout_gridlike, minmay_slime_entry_oklob_enclosed,
          ebering_ghost_disaster_area, enter_volcano_4
Lair:5:   hangedman_lair_caniforms_friends, layout_cave_pods,
          hangedman_lair_in_review, basic_altar, chequers_serial_rivers_micro_d,
          minmay_lair_oklob_bushes, chequers_serial_rivers_small_b
Spider:1: layout_spider_delve, spiders_nest_hornet_nest, uniq_agnes
Orc:1:    layout_caves, basic_altar, elves_outpost_lemuel, uniq_fannar
Orc:2:    st_orc_open, layout_caves, bh_open_orc_temple

Skill      XL: |  1  2  3  4  5  6  7  8  9 10 11 12 13 14 15 16 |
---------------+-------------------------------------------------+-----
Unarmed Combat | 1 2 4 5 6 8 |  8.1
Fighting       | 2 4 5 7 8 9 10 11 13 | 13.4
Necromancy     | 3 |  3.2
Invocations    | 3 4 5 7 8 9 10 12 | 12.7
Polearms       | 1 5 8 10 12 14 | 14.0
Shields        | 2 5 7 9 10 | 10.0
Earth Magic    | 3 |  3.7
Transmutations | 2 |  2.0
Dodging        | |  2.6
Spellcasting   | |  1.0

Action                     |  1- 3 |  4- 6 |  7- 9 | 10-12 | 13-15 | 16-18 || total
---------------------------+-------+-------+-------+-------+-------+-------++-------
  Melee: Unarmed           |   106 |   141 |   444 |       |       |       ||   691
         Punch             |       |     3 |    13 |    22 |       |       ||    38
         Trishula          |       |       |    12 |   580 |  1418 |   241 ||  2251
   Cast: Necrotise         |     1 |       |       |       |       |       ||     1
 Invoke: Heal Self         |       |       |     4 |     3 |     5 |     7 ||    19
         Heal Other        |       |       |     1 |    10 |    12 |     2 ||    25
  Evoke: Wand              |       |     4 |     2 |     2 |     1 |       ||     9
         Tin of tremorston |       |       |       |     2 |       |     1 ||     3
         Phantom mirror    |       |       |       |     1 |       |       ||     1
    Use: Scroll            |     4 |     2 |     8 |    10 |    11 |     6 ||    41
         Potion            |       |       |     4 |     4 |       |       ||     8
   Stab: Sleeping          |     1 |     1 |       |       |       |       ||     2
         Distracted        |       |       |       |     2 |     1 |       ||     3
         Petrified         |       |       |       |       |     3 |       ||     3
 Armour: Robe              |    49 |    52 |   168 |    71 |   269 |       ||   609
         Steam dragon scal |       |       |    35 |    94 |    88 |    59 ||   276
         Skin              |       |       |    32 |    76 |       |       ||   108
  Dodge: Dodged            |    58 |    62 |   257 |   239 |   286 |    66 ||   968
  Block: Other             |       |       |       |    75 |       |       ||    75
         Reflection        |       |       |       |     7 |    11 |     5 ||    23
         Kite shield       |       |       |       |    44 |   780 |   185 ||  1009

Table legend: (Time is in decaauts)
 A = Elapsed time spent in this place.
 B = Non-inter-level travel time spent in this place.
 C = Inter-level travel time spent in this place.
 D = Time resting spent in this place.
 E = Time spent auto-exploring this place.
 F = Levels seen in this place.
 G = Mean time per level.
                   A        B        C        D        E       F      G
               +--------+--------+--------+--------+--------+-----+--------+
         Total |  25378 |  23631 |   1747 |    846 |  16940 |  28 |  906.4 |
       Dungeon |  14199 |  13049 |   1150 |     80 |  10258 |  15 |  946.6 |
          Lair |   6711 |   6348 |    363 |    370 |   4635 |   5 | 1342.2 |
   Spider Nest |    211 |    211 |      0 |      1 |    105 |   1 |  211.0 |
  Orcish Mines |   1906 |   1674 |    232 |    308 |    905 |   2 |  953.0 |
         Sewer |    590 |    590 |      0 |      0 |    304 |   1 |  590.0 |
        Bailey |    440 |    440 |      0 |     17 |    197 |   1 |  440.0 |
      Ice Cave |    771 |    771 |      0 |      6 |    429 |   1 |  771.0 |
       Volcano |    231 |    231 |      0 |     13 |    107 |   1 |  231.0 |
      Gauntlet |    315 |    315 |      0 |     50 |      0 |   1 |  315.0 |
               +--------+--------+--------+--------+--------+-----+--------+

Top non-repeatable levels by time:
  Lair:5: 1961 daAuts
    D:15: 1746 daAuts
  Lair:3: 1630 daAuts
     D:4: 1552 daAuts
   Orc:1: 1402 daAuts
  Lair:1: 1074 daAuts
  Lair:4: 1049 daAuts
    D:13: 1046 daAuts
    D:11: 1028 daAuts
    D:10: 1024 daAuts
  Lair:2: 996 daAuts
    D:14: 868 daAuts
     D:3: 829 daAuts
     D:7: 824 daAuts
     D:8: 819 daAuts
